 Dungeon Crawl Stone Soup version 0.30-a0-605-gb2882149bf (webtiles) character file.

Game seed: 5440081287488481319

1449 brightshaft the Skirmisher (level 8, -2/63 HPs)
             Began as a Demigod Hunter on Jan 7, 2023.
             Slain by a kobold brigand
             ... wielding a +0 war axe
              (3 damage)
             ... in a bailey.
             The game lasted 00:11:15 (3403 turns).

brightshaft the Skirmisher (Demigod Hunter)         Turns: 3403, Time: 00:11:15

Health: -2/63      AC:  4    Str: 12    XL:     8   Next: 22%
Magic:  10/10      EV: 13    Int: 14    God:
Gold:   259        SH:  0    Dex: 25    Spells: 7/7 levels left

rFire   . . .      SeeInvis .    b - +9 hand axe of the Apocalypse {flame, *Noise rN+ Int+3}
rCold   . . .      Faith    .    (no shield)
rNeg    + . .      Spirit   .    c - +0 leather armour
rPois   .          Reflect  .    (no helmet)
rElec   .          Harm     .    y - +0 cloak
rCorr   .          Rampage  .    (no gloves)
Will    .....                    (no boots)
Stlth   +++                      d - amulet of regeneration
HPRegen 1.10/turn                p - ring of flight
MPRegen 0.12/turn                (no ring)

@: flying
A: high MP 1, forlorn, divine attributes
a: no special abilities


You were in a bailey.
You visited 1 branch of the dungeon, and saw 7 of its levels.
You also visited: Bailey.

You collected 259 gold pieces.

Inventory:

Hand Weapons
 a - a +1 arbalest
 b - the +9 hand axe of the Apocalypse (weapon) {flame, *Noise rN+ Int+3}
   (You found it on level 7 of the Dungeon)

   Int:       It affects your intelligence (+3).
   rN:        It protects you from negative energy.
   *Noise:    It may make noises in combat.
 u - a +0 shortbow
 x - a +0 rapier of venom
 C - a +1 short sword of venom
Armour
 c - a +0 leather armour (worn)
 m - a +0 ring mail
 y - a +0 cloak (worn)
 A - a +0 scale mail
Jewellery
 d - an amulet of regeneration (around neck)
 p - a ring of flight (left hand)
 B - a +5 ring of evasion
Wands
 z - a wand of charming (9)
Scrolls
 f - a scroll of immolation
 h - 5 scrolls of identify {@r1}
 k - a scroll of noise
 q - a scroll of magic mapping
 r - 4 scrolls of teleportation {@r4}
 s - a scroll of blinking
 v - a scroll of amnesia
 w - a scroll of fear
Potions
 e - a potion of magic
 g - a potion of heal wounds {unknown}
 i - 3 potions of might
 j - a potion of curing {@q1}
 l - 3 potions of cancellation
 n - 2 potions of ambrosia {unknown}
 o - a potion of lignification {unknown}
 t - a potion of mutation {unknown}


   Skills:
 + Level 3.2 Fighting
 * Level 8.9 Ranged Weapons
 + Level 2.4 Armour
 + Level 3.1 Dodging
 + Level 2.4 Stealth


You had 7 spell levels left.
You didn't know any spells.
Your spell library contained the following spells:

 Spells                   Type           Power      Damage    Failure   Level
 Freeze                   Ice            0%         1d3       36%         1
 Shock                    Conj/Air       0%         1d3       36%         1
 Slow                     Hex            0%         N/A       36%         1
 Cigotuvi's Dreadful Rot  Necr/Pois/Air  0%         N/A       50%         2
 Poisonous Vapours        Pois/Air       0%         N/A       50%         2
 Confusing Touch          Hex            0%         N/A       73%         3
 Frozen Ramparts          Ice            0%         1d1       73%         3
 Hailstorm                Conj/Ice       0%         3d3       73%         3
 Inner Flame              Hex/Fire       0%         N/A       73%         3
 Mephitic Cloud           Conj/Pois/Air  0%         N/A       73%         3
 Stone Arrow              Conj/Erth      0%         3d7       73%         3
 Summon Guardian Golem    Hex/Summ       0%         N/A       73%         3
 Swiftness                Air            0%         N/A       73%         3
 Vampiric Draining        Necr           0%         2d6       73%         3
 Airstrike                Air            0%         2d(0-16)  98%         4
 Animate Armour           Summ/Erth      0%         N/A       98%         4
 Cause Fear               Hex            0%         N/A       98%         4
 Orb of Destruction       Conj           0%         9d5       100%        7
 Spellforged Servitor     Conj/Summ      0%         N/A       100%        7
 Discord                  Hex            0%         N/A       100%        8
 Lehudib's Crystal Spear  Conj/Erth      0%         10d2      100%        8


Dungeon Overview and Level Annotations

Branches:
Dungeon (8/15)             Temple (0/1) D:4          Bailey (1/1)
   Lair: D:8-11

Shops:
D:4 [


Innate Abilities, Weirdness & Mutations

You have an increased reservoir of magic. (+10% MP)
You shall have no god before yourself.
Your divine heritage dramatically boosts your attributes as you level up.


Message History

The kobold brigand is moderately wounded.
You slash the kobold brigand! You burn the kobold brigand.
You kill the kobold brigand!
You hit the kobold brigand. You burn the kobold brigand.
You feel sick.
The kobold brigand hits you with a +0 war axe!
* * * LOW HITPOINT WARNING * * *
The kobold brigand closely misses you. The kobold brigand barely misses you.
The kobold brigand hits you with a +0 war axe.
* * * LOW HITPOINT WARNING * * *
You feel better. The kobold misses you.
The kobold brigand completely misses you.
The kobold brigand hits you with a +0 war axe.
* * * LOW HITPOINT WARNING * * *
The kobold hits you but does no damage.
You slash the kobold brigand! You burn the kobold brigand.
The kobold brigand is severely wounded.
You miss the kobold. You hit the kobold brigand. You burn the kobold brigand.
The kobold brigand closely misses you. x2
The kobold hits you but does no damage.
You feel better. The kobold brigand barely misses you.
The kobold brigand hits you with a +0 war axe!
* * * LOW HITPOINT WARNING * * *
The kobold hits you but does no damage.
The orc warrior hits you with a +0 war axe.
* * * LOW HITPOINT WARNING * * *
The kobold brigand closely misses you.
The kobold brigand hits you with a +0 war axe.
* * * LOW HITPOINT WARNING * * *
You closely miss the kobold brigand.
Your hand axe of the Apocalypse inquires about your family.
The kobold brigand is severely wounded.
You hit the orc warrior. You burn the orc warrior. You hit the kobold brigand.
You burn the kobold brigand. You hit the kobold. You burn the kobold.
You kill the kobold!
You feel yourself speed up.
The orc warrior hits you with a +0 war axe!
* * * LOW HITPOINT WARNING * * *
The kobold brigand misses you.
The kobold brigand hits you with a +0 war axe.
You die...

#######
##.....##
#...∩...#
#.......#
##..o(.##
##'K@##
#.KK#
#...#
#...#
#.(.#
..(..
...(..
~......


You could see an orc warrior, 2 kobold brigands and a kobold.

Vanquished Creatures
  Sigmund (D:3)
  A wyvern (D:8)
  A black bear (D:4)
  2 ogres (D:4)
  A phantom (D:5)
  2 kobold brigands
  A gnoll sergeant (D:8)
  2 bullfrogs (D:8)
  A wight (D:8)
  2 gnoll boudas
  A hound (D:4)
  An iguana (D:4)
  An orc wizard (D:4)
  Natasha (D:4)
  9 gnolls
  5 adders
  A shadow imp (D:5)
  A white imp (D:5)
  3 worms
  2 dart slugs
  13 orcs
  9 ball pythons
  6 bats
  4 endoplasms
  A giant cockroach (D:1)
  7 goblins
  10 hobgoblins
  7 jackals
  5 quokkas
  A frilled lizard (D:1)
  15 kobolds
  4 rats
121 creatures vanquished.

Vanquished Creatures (others)
  40 plants (D:3)
40 creatures vanquished.

Grand Total: 161 creatures vanquished

Notes
Turn   | Place    | Note
-------+----------+-------------------------------------------
     0 | D:1      | brightshaft the Demigod Hunter began the quest for the Orb.
     0 | D:1      | Reached XP level 1. HP: 17/17 MP: 3/3
   111 | D:1      | Reached skill level 4 in Ranged Weapons
   141 | D:1      | Reached XP level 2. HP: 24/24 MP: 4/4
   544 | D:2      | Reached XP level 3. HP: 28/29 MP: 5/5
   733 | D:2      | Reached skill level 5 in Ranged Weapons
   966 | D:2      | Reached XP level 4. HP: 36/36 MP: 6/6
  1325 | D:3      | Noticed Sigmund
  1447 | D:3      | Killed Sigmund
  1448 | D:3      | Reached skill level 6 in Ranged Weapons
  1448 | D:3      | Reached XP level 5. HP: 29/41 MP: 7/7
  1948 | D:4      | Reached skill level 7 in Ranged Weapons
  1948 | D:4      | Reached XP level 6. HP: 32/48 MP: 8/8
  2387 | D:4      | Noticed Natasha
  2388 | D:4      | Killed Natasha
  2464 | D:4      | Found Rapyp's Antique Armour Shop.
  2483 | D:4      | Reached skill level 8 in Ranged Weapons
  2483 | D:4      | Reached XP level 7. HP: 53/53 MP: 9/9
  2526 | D:4      | Found a staircase to the Ecumenical Temple.
  2767 | D:5      | Entered Level 5 of the Dungeon
  2869 | D:5      | Reached skill level 1 in Armour
  2963 | D:5      | You are sucked into a shaft and drop 3 floors!
  2984 | D:8      | Reached skill level 1 in Stealth
  3059 | D:8      | Noticed a wyvern
  3061 | D:8      | Killed a wyvern
  3225 | D:8      | Reached XP level 8. HP: 54/62 MP: 10/10
  3276 | D:7      | Found a flagged portal.
  3313 | D:7      | Identified the +9 hand axe of the Apocalypse {flame, *Noise
                  | rN+ Int+3}
  3317 | Bailey   | Entered a bailey
  3399 | Bailey   | HP: 3/63 [kobold brigand/+0 war axe (5)]
  3403 | Bailey   | HP: 1/63 [orc warrior/+0 war axe (8)]
  3403 | Bailey   | Slain by a kobold brigand

Illustrated notes

Levels and vault maps discovered:
D:1:      lightli_arrival_quake, layout_rooms
D:2:      layout_basic, basic_altar, st_stairs_3
D:3:      layout_loops_cross, kennysheep_boxes, uniq_sigmund
D:4:      layout_loops_corners, minmay_temple_entry_butterflies, serial_shops,
          nicolae_take_the_stairs, minmay_misc_feat_more_columns, uniq_natasha
D:5:      layout_loops_corners, nicolae_elyvilon_temple_path,
          cheibriados_altar_1, lemuel_flame_loot_1
D:7:      layout_rooms, mainiacjoe_overflow_alcove_1, enter_bailey_2
D:8:      layout_gridville, old_standard_altar, serial_rivers,
          chequers_serial_rivers_small_b, chequers_serial_rivers_marsh,
          chequers_serial_rivers_micro_b, chequers_serial_rivers_marsh,
          chequers_serial_rivers_room_a, chequers_serial_rivers_room_b
Bailey:   bailey_axe_3, bailey

Skill      XL: |  1  2  3  4  5  6  7  8 |
---------------+-------------------------+-----
Ranged Weapons | 4 5 6 7 8 |  8.9
Fighting       | 2 3 |  3.2
Dodging        | 2 3 |  3.1
Armour         | 2 |  2.4
Stealth        | 2 |  2.4

Action                   |  1- 3 |  4- 6 |  7- 9 || total
-------------------------+-------+-------+-------++-------
Melee: Short sword       |    16 |       |       ||    16
       Hand axe          |       |       |     3 ||     3
 Fire: Shortbow          |   125 |    17 |       ||   142
       Arbalest          |       |    91 |    83 ||   174
  Use: Scroll            |     8 |     2 |     4 ||    14
       Potion            |       |     2 |     4 ||     6
Armor: Leather armour    |    11 |     7 |    10 ||    28
Dodge: Dodged            |    60 |    38 |    41 ||   139

Table legend: (Time is in decaauts)
 A = Elapsed time spent in this place.
 B = Non-inter-level travel time spent in this place.
 C = Inter-level travel time spent in this place.
 D = Time resting spent in this place.
 E = Time spent auto-exploring this place.
 F = Levels seen in this place.
 G = Mean time per level.
                   A        B        C        D        E       F      G
               +--------+--------+--------+--------+--------+-----+--------+
         Total |   3547 |   3376 |    171 |      0 |   2455 |   8 |  443.4 |
       Dungeon |   3446 |   3275 |    171 |      0 |   2453 |   7 |  492.3 |
        Bailey |    101 |    101 |      0 |      0 |      2 |   1 |  101.0 |
               +--------+--------+--------+--------+--------+-----+--------+

Top non-repeatable levels by time:
     D:4: 856 daAuts
     D:2: 834 daAuts
     D:3: 686 daAuts
     D:1: 488 daAuts
     D:8: 280 daAuts
     D:5: 199 daAuts
     D:7: 101 daAuts
  Bailey: 101 daAuts
